 Dungeon Crawl Stone Soup version 0.18.1-8-gdd0e5ea (webtiles) character file.

1575 Gargoyl the Covered (level 8, -1/96 HPs)
             Began as a Demonspawn Abyssal Knight on May 23, 2016.
             Was an Elder of Lugonu.
             Slain by an orc high priest
             ... wielding a +0 broad axe
              (8 damage)
             ... in a bailey.
             The game lasted 00:12:28 (5112 turns).

Gargoyl the Covered (Demonspawn Abyssal Knight)     Turns: 5112, Time: 00:12:30

Health: -1/96      AC: -4    Str: 14    XL:     8   Next: 60%
Magic:  10/10      EV:  2    Int: 14    God:    Lugonu [****..]
Gold:   235        SH:  0    Dex: 13    Spells: 0 memorised, 7 levels left

rFire  . . .     SeeInvis +     g - +4 hand axe (drain)
rCold  . . .     Gourm    .     (armour currently unavailable)
rNeg   + + +     Faith    .     (no shield)
rPois  +         Spirit   .     (helmet currently unavailable)
rElec  .         Dismiss  .     (cloak currently unavailable)
rCorr  .         Reflect  .     (gloves currently unavailable)
SustAt .         Harm     .     (boots currently unavailable)
MR     .....     NoTele   +     b - amulet of rage
Stlth  +++.......               F - +2 ring of evasion
                                o - ring of see invisible

@: tree-form, corroded, very slightly contaminated, hasted, very quick, not
resistant to hostile enchantments, fairly stealthy
A: nightstalker 1
a: Depart the Abyss, Bend Space, Banish, Corrupt, Renounce Religion, Evoke
Berserk Rage


You were in a bailey.
You worshipped Lugonu.
Lugonu was greatly pleased with you.
You were not hungry.
You were a tree.
You visited 1 branch of the dungeon, and saw 7 of its levels.
You visited the Abyss 1 time.
You also visited: Ossuary and Bailey.

You collected 385 gold pieces.
You spent 150 gold pieces at shops.

Inventory:

Hand Weapons
 g - a +4 hand axe of draining (weapon)
 q - a +2 spear of freezing
 E - a +0 war axe
Armour
 e - a +0 plate armour (melded)
 n - a +2 pair of boots (melded)
Jewellery
 b - an amulet of rage (around neck)
 o - a ring of see invisible (left branch)
 F - a +2 ring of evasion (right branch)
Wands
 C - a wand of heal wounds (3/9)
Scrolls
 k - 3 scrolls of identify
 l - a scroll of teleportation
 s - 3 scrolls of amnesia {unknown}
 t - 3 scrolls of fear {unknown}
 w - a scroll of enchant weapon
 x - a scroll of random uselessness {unknown}
 y - 2 scrolls of recharging {unknown}
 z - a scroll of blinking {unknown}
Potions
 a - a potion of lignification
 d - a potion of haste
 f - 3 potions of curing
 h - a potion of flight {unknown}
 j - 2 potions of cure mutation {unknown}
 p - a potion of might {unknown}
 r - a potion of berserk rage {unknown}
 u - 2 potions of invisibility {unknown}
 A - a potion of resistance {unknown}
 B - a potion of heal wounds {unknown}
 D - a potion of brilliance {unknown}
Books
 v - a book of Geomancy

   Spells                             Type                      Level
   a - Sandblast                      Earth                        1
   b - Passwall                       Transmutation/Earth          2
   c - Stone Arrow                    Conjuration/Earth            3
   d - Petrify                        Transmutation/Earth          4
   e - Lee's Rapid Deconstruction     Earth                        5
Comestibles
 c - 3 bread rations
 i - 2 beef jerkies
 m - 4 meat rations
 G - 3 chunks of flesh


   Skills:
 + Level 6.2 Fighting
 + Level 4.8 Axes
 * Level 6.9 Armour
 + Level 1.8 Dodging
 + Level 1.2 Stealth
 + Level 3.1 Invocations


You had 7 spell levels left.
You didn't know any spells.

Dungeon Overview and Level Annotations

Branches:
Dungeon (7/15)             Temple (0/1) D:4

Altars:
Fedhas
Gozag
Nemelex Xobeh
Sif Muna
Trog
Vehumet
Zin
The Shining One

Shops:
D:6 =


Innate Abilities, Weirdness & Mutations

You are slightly more attuned to the shadows.


Message History

You hit the rust devil but do no damage.
The rust devil is lightly wounded.
You hit the orc high priest but do no damage.
The orc high priest is lightly wounded.
The orc high priest hits you with a broad axe.
* * * LOW HITPOINT WARNING * * *
The rust devil hits you.
* * * LOW HITPOINT WARNING * * *
The rust devil corrodes you!
The orc warrior hits you with a war axe!
* * * LOW HITPOINT WARNING * * *
Drink which item? (? for menu, Esc to quit)
You feel better.
The orc sorcerer hits you with a war axe.
* * * LOW HITPOINT WARNING * * *
The rust devil hits you.
* * * LOW HITPOINT WARNING * * *
The rust devil corrodes you!
The orc high priest hits you with a broad axe!
You die...

#######+# #.......#
≈≈≈≈≈ #.8.8.8.+
≈≈≈≈≈######.....♣o#
≈≈≈≈≈≈.#......#4oo.#
.≈≈≈≈≈.#......#.g..#%%
.≈≈≈≈≈.#''#####....#..#
.≈≈≈≈≈.#.....##....#..#
.......))....##....#+##
.......').⌠..##.._.#
.......'[....#
.≈≈≈≈≈.#.....#


You could see an orc high priest, a rust devil, an orc sorcerer, an orc warrior
and a goblin.

Vanquished Creatures
  An orc warrior (Bailey)
  An ice beast (D:7)
  A centaur (D:7)
  2 giant frogs
  2 howler monkeys
  A crimson imp (D:5)
  4 centaur zombies (Ossuary)
  A quasit (D:6)
  3 orc priests
  A hound (D:7)
  5 orc wizards
  A giant frog skeleton (D:6)
  3 human zombies (Ossuary)
  A centaur skeleton (D:6)
  An iguana (D:6)
  2 worker ants (D:6)
  A killer bee zombie (D:6)
  A hound zombie (Ossuary)
  3 mummies (Ossuary)
  14 gnolls
  8 adders
  A shadow imp (D:7)
  An ooze (D:1)
  3 adder zombies (Ossuary)
  6 worms
  A dart slug (D:1)
  6 giant geckos
  9 orcs
  3 bats
  3 giant cockroaches
  5 goblins
  11 hobgoblins
  8 jackals
  A quokka (D:3)
  6 giant newts
  2 gnoll zombies (Ossuary)
  4 goblin zombies (Ossuary)
  5 hobgoblin zombies (Ossuary)
  A jackal zombie (Ossuary)
  4 kobolds
  3 kobold zombies (Ossuary)
  2 orc zombies (Ossuary)
  A quokka skeleton (D:4)
  3 quokka zombies (Ossuary)
  5 rats
  4 rat zombies (Ossuary)
155 creatures vanquished.

Notes
Turn   | Place    | Note
--------------------------------------------------------------
     0 | Abyss:1  | Gargoyl the Demonspawn Abyssal Knight began the quest for the Orb.
     0 | Abyss:1  | Reached XP level 1. HP: 18/18 MP: 2/2
    80 | D:1      | Escaped the Abyss
   156 | D:1      | Reached * piety under Lugonu
   233 | D:1      | Gained mutation: You are slightly more attuned to the shadows. [demonic ancestry]
   233 | D:1      | Reached XP level 2. HP: 24/24 MP: 3/3
   460 | D:1      | Reached XP level 3. HP: 30/30 MP: 4/4
   706 | D:2      | Reached XP level 4. HP: 37/37 MP: 6/6
   779 | D:2      | Reached ** piety under Lugonu
  1221 | D:3      | Found a bloodstained altar of Trog.
  1225 | D:3      | Found a glowing silver altar of Zin.
  1226 | D:3      | Found a radiant altar of Vehumet.
  1227 | D:3      | Found a blossoming altar of Fedhas.
  1278 | D:3      | Found an opulent altar of Gozag.
  1278 | D:3      | Found a glowing golden altar of the Shining One.
  1469 | D:4      | Reached XP level 5. HP: 42/43 MP: 7/7
  1469 | D:4      | Reached skill level 1 in Dodging
  1545 | D:4      | Found a deep blue altar of Sif Muna.
  1567 | D:4      | Reached XP level 6. HP: 45/49 MP: 8/8
  1745 | D:4      | Found a staircase to the Ecumenical Temple.
  2044 | D:5      | Entered Level 5 of the Dungeon
  2125 | D:5      | Reached *** piety under Lugonu
  2125 | D:5      | Reached skill level 5 in Fighting
  2223 | D:5      | Found a sparkling altar of Nemelex Xobeh.
  2820 | D:6      | Found a sand-covered staircase.
  2828 | Ossuary  | Entered an ossuary
  2872 | Ossuary  | Reached XP level 7. HP: 50/56 MP: 9/9
  3284 | Ossuary  | Reached skill level 5 in Armour
  3311 | Ossuary  | Reached **** piety under Lugonu
  3660 | D:6      | Found Xomo's Jewellery Shoppe.
  3668 | D:6      | Bought a +2 ring of evasion for 150 gold pieces
  3775 | D:6      | Reached skill level 1 in Stealth
  4189 | D:6      | Reached XP level 8. HP: 63/63 MP: 10/10
  4729 | D:7      | Found a flagged portal.
  4873 | Bailey   | Entered a bailey
  5091 | Bailey   | Found an iron altar of Okawaru.
  5091 | Bailey   | Noticed an orc high priest
  5091 | Bailey   | Noticed an orc sorcerer
  5092 | Bailey   | Noticed a rust devil
  5111 | Bailey   | HP: 3/96 [orc warrior/war axe (13)]
  5112 | Bailey   | Slain by an orc high priest

Skill      XL: |  1  2  3  4  5  6  7  8 |
---------------+-------------------------+-----
Axes           | 2 3 4 |  4.8
Fighting       | 4 5 6 |  6.2
Armour         | 2 3 4 5 6 |  6.9
Dodging        | 1 |  1.8
Invocations    | 3 |  3.1
Stealth        | 1 |  1.2

Action                   |  1- 3 |  4- 6 |  7- 9 || total
-------------------------+-------+-------+-------++-------
Melee: Hand axe          |    61 |   190 |   261 ||   512
Invok: Depart the Abyss  |     1 |       |       ||     1
  Use: Scroll            |       |     4 |     1 ||     5
       Potion            |       |       |     4 ||     4
  Eat: Chunk             |       |     6 |     2 ||     8
       Meat ration       |       |       |     1 ||     1
       Pizza             |       |       |     1 ||     1
Armor: Plate armour      |    52 |   176 |   222 ||   450
       Skin              |       |       |    12 ||    12
Dodge: Dodged            |    14 |    56 |    81 ||   151
